 Dungeon Crawl Stone Soup version 0.31-a0-1388-g4b2ba238e7 (webtiles) character file.

Game seed: 5373026186048838637

21 Curundu the Slasher (level 2, 0/27 HPs)
             Began as a Minotaur Berserker on Dec 25, 2023.
             Was a Follower of Trog.
             Succumbed to an orc's poison
             ... on level 2 of the Dungeon.
             The game lasted 00:02:52 (868 turns).

Curundu the Slasher (Minotaur Berserker)             Turns: 868, Time: 00:02:53

Health: 0/27       AC:  4    Str: 21    XL:     2   Next: 65%
Magic:  1/1        EV: 12    Int:  4    God:    Trog [*.....]
Gold:   18         SH:  0    Dex:  9    Spells: 1/1 levels left

rFire   . . .        a - +0 falchion
rCold   . . .        (no shield)
rNeg    . . .        b - +0 animal skin
rPois   .            (helmet restricted)
rElec   .            (no cloak)
rCorr   .            d - +1 pair of gloves
SInv    .            (no boots)
Will    .....        (no amulet)
Stlth   +            (no ring)
HPRegen 0.24/turn    (no ring)
MPRegen 0.07/turn

%: no passive effects
@: lethally poisoned (0 -> -7)
A: horns 2, retaliatory headbutt
a: Renounce Religion, Berserk


You were on level 2 of the Dungeon.
You worshipped Trog.
Trog was aware of your devotion.
You visited 1 branch of the dungeon, and saw 2 of its levels.

You collected 18 gold pieces.

Inventory:

Hand Weapons
 a - a +0 falchion (weapon)
Missiles
 h - 3 poisoned darts
Armour
 b - a +0 animal skin (worn)
 d - a +1 pair of gloves (worn)
Jewellery
 g - a +4 ring of protection
Scrolls
 c - 2 scrolls of identify {unknown}
 i - a scroll of brand weapon {unknown}
Potions
 e - a potion of might {unknown}
 f - a potion of mutation {unknown}


   Skills:
 + Level 4.0 Fighting
 + Level 4.5 Long Blades
 + Level 2.4 Armour
 + Level 2.2 Dodging


You had one spell level left.
You didn't know any spells.
Your spell library was empty.

Dungeon Overview and Level Annotations

Branches:
Dungeon (2/15)

Altars:


Innate Abilities, Weirdness & Mutations

You have a pair of horns on your head.
You reflexively headbutt those who attack you in melee.


Message History

You hit the orc but do no damage. Your headbutt misses the orc.
The orc barely misses you.
You hit the orc.
The orc is moderately wounded.
The orc hits you with a +1 dagger of venom.
You are poisoned.
You hit the orc but do no damage.
The orc is moderately wounded.
You feel very sick. The orc barely misses you. You furiously retaliate!
You headbutt the orc.
A kobold comes into view. It is wielding a +0 dagger.
You barely miss the orc.
The orc is heavily wounded.
You feel very sick.
The kobold shouts!
The orc barely misses you.
You hit the orc.
The orc is severely wounded.
You feel very sick. The orc hits you but does no damage.
You are lethally poisoned!
You slash the orc!
You kill the orc!
Trog accepts your kill.
You feel very sick.
The hobgoblin hits you but does no damage.
You hit the hobgoblin.
The hobgoblin is severely wounded.
* * * LOW HITPOINT WARNING * * *
You feel very sick.
The hobgoblin hits you but does no damage.
You completely miss the hobgoblin. You headbutt the hobgoblin.
You kill the hobgoblin!
Trog accepts your kill.
* * * LOW HITPOINT WARNING * * *
You feel very sick.
* * * LOW HITPOINT WARNING * * *
You feel sick.
You miss the kobold.
You die...

#####
#.).###
#.<†..###.
#.@K......
###....⌠..
##.....
#...# #.##
... ##


You could see a kobold.

Vanquished Creatures
  An orc (D:2)
  2 ball pythons (D:1)
  A bat (D:1)
  3 endoplasms (D:1)
  2 giant cockroaches (D:1)
  2 hobgoblins
  6 kobolds (D:1)
17 creatures vanquished.

Notes
Turn   | Place    | Note
-------+----------+-------------------------------------------
     0 | D:1      | Curundu the Minotaur Berserker began the quest for the Orb.
     0 | D:1      | Reached XP level 1. HP: 19/19 MP: 0/0
   238 | D:1      | Reached XP level 2. HP: 27/27 MP: 1/1
   867 | D:2      | HP: 1/27 [poisoned by an orc]
   868 | D:2      | Succumbed to an orc's poison

Illustrated notes

Levels and vault maps discovered:
D:1:      nzn_arrival_crosshair, layout_loops_corners, corner_web_ring
D:2:      layout_rooms, serial_shops, nicolae_shop_back_alley_shop,
          minmay_gold_behind_fungi, grunt_ministairs_12,
          minmay_misc_feat_enclosed, minmay_surrounded

Skill      XL: |  1  2 |
---------------+-------+-----
Fighting       | 4 |  4.0
Long Blades    | 4 |  4.5
Armour         | |  2.4
Dodging        | |  2.2

Action                     || total
---------------------------++-------
  Melee: Falchion          ||    49
         Headbutt          ||     5
 Armour: Animal skin       ||    25
  Dodge: Dodged            ||    34

Table legend: (Time is in decaauts)
 A = Elapsed time spent in this place.
 B = Non-inter-level travel time spent in this place.
 C = Inter-level travel time spent in this place.
 D = Time resting spent in this place.
 E = Time spent auto-exploring this place.
 F = Levels seen in this place.
 G = Mean time per level.
                   A        B        C        D        E       F      G
               +--------+--------+--------+--------+--------+-----+--------+
         Total |    872 |    872 |      0 |     55 |    665 |   2 |  436.0 |
       Dungeon |    872 |    872 |      0 |     55 |    665 |   2 |  436.0 |
               +--------+--------+--------+--------+--------+-----+--------+

Top non-repeatable levels by time:
     D:1: 862 daAuts
     D:2: 10 daAuts
